 Dungeon Crawl Stone Soup version 0.20-a0-787-g4ba4951 (webtiles) character file.

17472 CanOfBees the Fighter (level 12, 0/133 HPs)
             Began as an Ogre Hunter on Feb 27, 2017.
             Was a High Priest of Okawaru.
             Slain by Snorg (2 damage)
             ... on level 3 of the Lair of Beasts on Feb 28, 2017.
             The game lasted 00:39:57 (18522 turns).

CanOfBees the Fighter (Ogre Hunter)                Turns: 18522, Time: 00:39:58

Health: 0/133      AC: 25    Str: 21    XL:     12   Next: 48%
Magic:  16/18      EV: 11    Int: 15    God:    Okawaru [*****.]
Gold:   447        SH:  0    Dex: 10    Spells: 11/11 levels left

rFire    x . .     SeeInvis .   x - +2 glaive
rCold    + + +     Gourm    +   u - +6 ice dragon scales of Yleqasu {rF- rC++ Dex+3}
rNeg     . . .     Faith    .   (shield currently unavailable)
rPois    +         Spirit   .   (helmet restricted)
rElec    .         Reflect  .   p - scarf of the Unbroken {rPois Int+3 Dex-4}
rCorr    .         Harm     .   (gloves unavailable)
MR       +....                  (boots unavailable)
Stlth    +.........             e - amulet of the gourmand
Regen    0.4/turn               E - ring of protection from cold
MPRegen  0.2/turn               A - +6 ring of protection

@: heroism
A: unfitting armour, tough skin 1
a: Heroism, Finesse, Renounce Religion


You were on level 3 of the Lair of Beasts.
You worshipped Okawaru.
Okawaru was extremely pleased with you.
You were very full.

You visited 3 branches of the dungeon, and saw 12 of its levels.

You collected 447 gold pieces.

Inventory:

Hand Weapons
 v - a +0 trident
 x - a +2 glaive (weapon)
Missiles
 c - 15 large rocks (quivered)
 k - 5 tomahawks
 l - 207 stones
 M - 7 needles of sleeping
Armour
 p - the scarf of the Unbroken (worn) {rPois Int+3 Dex-4}
   (Okawaru gifted it to you on level 1 of the Lair of Beasts)

   It affects your intelligence (+3).
   It affects your dexterity (-4).
   It protects you from poison.
 u - the +6 ice dragon scales of Yleqasu (worn) {rF- rC++ Dex+3}
   (You found it on level 5 of the Dungeon)

   It affects your dexterity (+3).
   It makes you vulnerable to fire.
   It greatly protects you from cold.
 C - a +1 cloak of magic resistance
Jewellery
 e - an amulet of the gourmand (around neck)
 o - an uncursed ring of flight {unknown}
 A - a +6 ring of protection (left hand)
 E - a ring of protection from cold (right hand)
Wands
 r - a wand of flame (4/48)
 y - a wand of digging (13/24)
 G - a wand of enslavement (11/24)
Scrolls
 a - 4 scrolls of fog
 b - a scroll of immolation
 d - a scroll of amnesia {unknown}
 g - 13 scrolls of remove curse
 h - 9 scrolls of teleportation
 q - 2 scrolls of noise {unknown}
 F - 2 scrolls of vulnerability {unknown}
 K - a scroll of holy word {unknown}
Potions
 m - a potion of cancellation
 w - 2 potions of lignification
 z - a potion of might {unknown}
 D - a potion of mutation {unknown}
 I - a potion of degeneration {unknown}
 J - a potion of flight {unknown}
 L - a potion of ambrosia {unknown}
 O - a potion of brilliance {unknown}
Books
 i - a book of Geomancy

   Spells                             Type                      Level
   a - Sandblast                      Earth                        1
   b - Passwall                       Transmutation/Earth          2
   c - Stone Arrow                    Conjuration/Earth            3
   d - Petrify                        Transmutation/Earth          4
   e - Lee's Rapid Deconstruction     Earth                        5
Comestibles
 f - 10 bread rations
 j - a fruit
 t - 4 royal jellies
 B - 4 meat rations


   Skills:
 + Level 12.4(17.4) Fighting
 + Level 10.7(15.7) Polearms
 + Level 10.2(15.2) Throwing
 + Level 4.0(9.0) Armour
 - Level 4.7(9.7) Dodging
 - Level 0.6(5.6) Stealth
 + Level 8.8 Invocations


You had 11 spell levels left.
You didn't know any spells.

Dungeon Overview and Level Annotations

Branches:
Dungeon (8/15)             Temple (1/1) D:6            Lair (3/6) D:8
  Swamp: Lair:2-4    Shoals: Lair:2-4     Snake: Lair:2-4    Spider: Lair:2-4

Altars:
Ashenzari
Cheibriados
Dithmenos
Elyvilon
Fedhas
Gozag
Hepliaklqana
Kikubaaqudgha
Makhleb
Nemelex Xobeh
Okawaru
Qazlal
Ru
Sif Muna
Trog
Uskayaw
Vehumet
Wu Jian
Xom
Zin
The Shining One

Annotations:
D:3 elpachosan's ghost, weakling DESu
D:4 zag's ghost, amateur DDNe
Lair:3 Snorg


Innate Abilities, Weirdness & Mutations

You are too large for most types of armour.
You have tough skin. (AC +1)


Message History

Snorg misses you. Snorg claws you!
* * * LOW HITPOINT WARNING * * *
As you read the scroll of fear, it crumbles to dust.
You assume a fearsome visage.
Snorg closely misses you.
Snorg claws you but does no damage. x2; Snorg barely misses you.
Snorg claws you but does no damage. x2
You gain the combat prowess of a mighty hero.
Snorg barely misses you. Snorg claws you.
* * * LOW HITPOINT WARNING * * *
Snorg claws you!
* * * LOW HITPOINT WARNING * * *
You closely miss Snorg.
Snorg is heavily wounded.
Snorg bites you but does no damage. Snorg barely misses you.
Snorg closely misses you.
You closely miss Snorg.
Snorg is heavily wounded.
Snorg bites you but does no damage. Snorg claws you but does no damage. x2
Snorg bites you.
You die...

#...##.#####......# #
##..P######......#### .#
#..##.#.##P...(..P.###.###
##........P................
#........................(.
##.......................(.
#.....................(...
#.........................
##.............@T((...(....
#....#...#.#....###..$##...
##....##.###..... .##...#
#....##..# #.....#. ....#
##..P##..###....... ..##
#..'......+.....#. ....
##..##...........#. .##.
#...####.##......... .#
##..# ##..##.....#


You could see Snorg (berserk).

Vanquished Creatures
  3 hydras
  4 two-headed ogres
  The ghost of zewo the Grappler, a novice TrBe of Trog (Lair:1)
  Pikel (D:6)
  An oklob plant (Lair:1)
  Maurice (D:8)
  2 black mambas (Lair:1)
  Psyche (D:8)
  3 spiny frogs (Lair:1)
  3 torpor snails (Lair:2)
  3 komodo dragons
  A rime drake (Lair:2)
  Grinder (D:5)
  2 hippogriffs
  A basilisk (Lair:2)
  12 yaks
  Menkaure (D:5)
  3 porcupines
  4 water moccasins
  3 ice beasts
  2 black bears (D:6)
  A phantom (D:6)
  4 ogres
  5 centaurs
  4 crocodiles
  Blork the orc (D:5)
  13 bullfrogs
  3 scorpions
  A water moccasin skeleton (D:7)
  5 wights (D:6)
  6 howler monkeys
  An electric eel (Lair:2)
  3 crimson imps
  A centaur zombie (D:8)
  3 hounds
  A jelly (D:6)
  6 orc wizards
  2 bullfrog skeletons (D:4)
  5 orc priests
  An iguana (D:5)
  A centaur skeleton (D:6)
  5 worker ants
  A killer bee zombie (D:7)
  A hound zombie (D:8)
  3 hound skeletons
  A worker ant zombie (D:6)
  A howler monkey skeleton (D:4)
  6 adders
  4 gnolls (D:4)
  A shadow imp (D:5)
  An adder skeleton (D:4)
  3 worms (D:2)
  A dart slug (D:1)
  5 leopard geckos
  16 orcs
  10 bats
  6 giant cockroaches
  13 goblins
  7 hobgoblins
  14 jackals
  4 quokkas
  A ball python skeleton (D:5)
  4 frilled lizards
  2 jackal zombies (D:6)
  7 kobolds
  A leopard gecko skeleton (D:7)
  A quokka skeleton (D:8)
  10 rats
  12 plants
261 creatures vanquished.

Vanquished Creatures (others)
  A slave (D:6)
  A worker ant (D:6)
  A quokka (D:6)
  A quokka skeleton (D:6)
  16 plants
20 creatures vanquished.

Grand Total: 281 creatures vanquished

Notes
Turn   | Place    | Note
-------+----------+-------------------------------------------
     0 | D:1      | CanOfBees the Ogre Hunter began the quest for the Orb.
     0 | D:1      | Reached XP level 1. HP: 22/22 MP: 1/1
   363 | D:1      | Reached XP level 2. HP: 29/29 MP: 2/2
   520 | D:1      | Reached skill level 3 in Fighting
  1088 | D:1      | Reached XP level 3. HP: 37/37 MP: 3/3
  1688 | D:2      | Found a shadowy altar of Dithmenos.
  2274 | D:2      | Reached skill level 1 in Polearms
  2308 | D:2      | Reached XP level 4. HP: 14/45 MP: 4/4
  3157 | D:2      | Found a burning altar of Makhleb.
  4066 | D:3      | Noticed elpachosan's ghost (weakling DESu)
  4181 | D:3      | Found a shattered altar of Ashenzari.
  4457 | D:3      | Found a shimmering altar of Xom.
  4486 | D:3      | Reached XP level 5. HP: 54/54 MP: 5/5
  4895 | D:4      | Reached skill level 4 in Fighting
  5786 | D:4      | Reached XP level 6. HP: 50/63 MP: 6/6
  5960 | D:4      | Reached skill level 5 in Throwing
  5969 | D:4      | Reached skill level 5 in Fighting
  6359 | D:4      | Reached XP level 7. HP: 61/72 MP: 7/7
  6382 | D:4      | Noticed zag's ghost (amateur DDNe)
  6643 | D:5      | Entered Level 5 of the Dungeon
  6643 | D:5      | Found a bloodstained altar of Trog.
  6643 | D:5      | Noticed Grinder
  6699 | D:5      | Noticed Menkaure
  6701 | D:5      | Killed Menkaure
  6895 | D:5      | Got blackened ice dragon scales
  6907 | D:5      | Identified the +6 ice dragon scales of Yleqasu {rF- rC++ Dex+3} (You found it on level 5 of the Dungeon)
  7057 | D:5      | Paralysed by Grinder for 5 turns
  7095 | D:5      | Killed Grinder
  7095 | D:5      | Reached skill level 6 in Fighting
  7095 | D:5      | Reached XP level 8. HP: 59/83 MP: 8/8
  8053 | D:5      | Noticed Blork the orc
  8080 | D:5      | Killed Blork the orc
  8422 | D:6      | Found an ornate altar of the Wu Jian Council.
  8447 | D:6      | Reached skill level 1 in Armour
  8474 | D:6      | Reached skill level 7 in Fighting
  8687 | D:6      | Reached skill level 5 in Polearms
  8980 | D:6      | Found a bloodstained altar of Trog.
  8994 | D:6      | Reached XP level 9. HP: 91/94 MP: 9/9
  9185 | D:6      | Found a staircase to the Ecumenical Temple.
  9196 | Temple   | Entered the Ecumenical Temple
  9248 | Temple   | Became a worshipper of Warmaster Okawaru
  9459 | D:6      | Noticed Pikel
  9473 | D:6      | Killed Pikel
  9473 | D:6      | Reached skill level 8 in Fighting
  9473 | D:6      | Reached skill level 1 in Invocations
  9924 | D:6      | Noticed a two-headed ogre
  9930 | D:6      | Killed a two-headed ogre
  9930 | D:6      | Reached * piety under Okawaru
 10135 | D:6      | Reached ** piety under Okawaru
 10172 | D:6      | Reached skill level 9 in Fighting
 10172 | D:6      | Reached XP level 10. HP: 56/107 MP: 12/12
 10470 | D:6      | Found an opulent altar of Gozag.
 10550 | D:6      | Found a blossoming altar of Fedhas.
 13085 | D:8      | Noticed a two-headed ogre
 13101 | D:8      | Killed a two-headed ogre
 13101 | D:8      | Reached *** piety under Okawaru
 13287 | D:8      | Found a sacrificial altar of Ru.
 13329 | D:8      | Noticed a two-headed ogre
 13346 | D:8      | Killed a two-headed ogre
 13346 | D:8      | Reached skill level 10 in Fighting
 13346 | D:8      | Reached skill level 5 in Invocations
 13658 | D:8      | Noticed Psyche
 13664 | D:8      | Paralysed by Psyche for 3 turns
 13673 | D:8      | Killed Psyche
 13673 | D:8      | Reached **** piety under Okawaru
 13673 | D:8      | Reached XP level 11. HP: 100/119 MP: 13/15
 13768 | D:8      | Noticed a two-headed ogre
 13778 | D:8      | Killed a two-headed ogre
 13778 | D:8      | Received a gift from Okawaru
 13805 | D:8      | Found a staircase to the Lair.
 14054 | D:8      | Noticed Maurice
 14097 | D:8      | Killed Maurice
 14413 | Lair:1   | Entered Level 1 of the Lair of Beasts
 14465 | D:8      | Reached ***** piety under Okawaru
 14523 | D:8      | Received a gift from Okawaru
 14523 | D:8      | Reached skill level 11 in Fighting
 14789 | Lair:1   | Received a gift from Okawaru
 15227 | Lair:1   | Noticed an eight-headed hydra
 15234 | Lair:1   | Killed an eight-headed hydra
 15558 | Lair:1   | Noticed zewo's ghost (novice TrBe)
 15586 | Lair:1   | Killed zewo's ghost
 15586 | Lair:1   | Reached skill level 10 in Polearms
 15999 | Lair:1   | Noticed a seven-headed hydra
 16000 | Lair:1   | Received a gift from Okawaru
 16006 | Lair:1   | Killed a seven-headed hydra
 16209 | Lair:1   | Reached XP level 12. HP: 132/132 MP: 17/17
 16494 | Lair:1   | Reached skill level 12 in Fighting
 16971 | Lair:1   | Received a gift from Okawaru
 16971 | Lair:1   | Reached skill level 10 in Throwing
 16975 | Lair:1   | Got a shimmering scarf {god gift}
 17013 | Lair:1   | Identified the scarf of the Unbroken {rPois Int+3 Dex-4} (Okawaru gifted it to you on level 1 of the Lair of Beasts)
 17671 | Lair:2   | Noticed an eight-headed hydra
 17682 | Lair:2   | Killed an eight-headed hydra
 17682 | Lair:2   | Reached ****** piety under Okawaru
 17909 | Lair:2   | Found a snail-covered altar of Cheibriados.
 18498 | Lair:3   | Noticed Snorg
 18520 | Lair:3   | HP: 2/133 [Snorg (7)]
 18522 | Lair:3   | Slain by Snorg

Vault maps used:
D:1:      co_arrival_hexagon_in_a_hexagon
D:2:      bloody_makhleb, nicolae_dithmenos_shadow_blocks, first_bread
D:3:      lemuel_doored_altar, cheibrodos_ashenzari_chains
D:5:      basic_altar, kennysheep_decorative_pillar, uniq_menkaure,
          uniq_grinder, uniq_blork_the_orc
D:6:      kennysheep_little_box, grunt_gozag_statues,
          nicolae_overflow_crystal_walls, minmay_temple_entry_glassed_door,
          trog_ov_bears_minmay, uniq_pikel
D:7:      grunt_ogre_cave
D:8:      lemuel_coloured_pillars_altar, david_lair_shrubbed, uniq_psyche,
          uniq_maurice
Temple:   minmay_temple_bridge_abc
Lair:1:   wad_woods_road_04, grunt_megastairs_2
Lair:2:   serial_bayou_lagoon_a, kennysheep_snail_temple
Lair:3:   dummy_snake_entry, uniq_snorg, uniq_gastronok

Skill      XL: |  1  2  3  4  5  6  7  8  9 10 11 12 |
---------------+-------------------------------------+-----
Dodging        | 2 3 4 |  4.7
Fighting       | 3 4 5 6 7 9 10 11 12 | 12.4
Polearms       | 1 2 4 5 7 9 10 | 10.7
Throwing       | 5 6 7 8 9 10 | 10.2
Armour         | 2 3 4 |  4.0
Invocations    | 3 5 7 8 |  8.8
Stealth        | |  0.6

Action                   |  1- 3 |  4- 6 |  7- 9 | 10-12 || total
-------------------------+-------+-------+-------+-------++-------
Melee: Short sword       |     6 |       |       |       ||     6
       Spear             |    92 |    84 |       |       ||   176
       Trident           |       |    49 |   165 |       ||   214
       Glaive            |       |       |   104 |   387 ||   491
Throw: Large rock        |    23 |    12 |    20 |    90 ||   145
       Stone             |    86 |   115 |    90 |    39 ||   330
       Throwing net      |     2 |     1 |     3 |     2 ||     8
       Tomahawk          |       |       |       |    76 ||    76
       Javelin           |       |       |       |    14 ||    14
Invok: Heroism           |       |       |       |     3 ||     3
       Finesse           |       |       |       |     1 ||     1
Evoke: Wand              |       |       |     2 |     7 ||     9
  Use: Scroll            |     4 |     5 |     3 |     9 ||    21
       Potion            |       |     1 |     2 |     2 ||     5
 Stab: Held in net/web   |       |       |     1 |     1 ||     2
       Invisible         |       |       |       |     2 ||     2
  Eat: Chunk             |    13 |    11 |    12 |    27 ||    63
Armor: Robe              |    45 |    36 |     5 |       ||    86
       Ice dragon scales |       |       |   228 |   314 ||   542
Dodge: Dodged            |    91 |    90 |   143 |   179 ||   503
